 Dungeon Crawl Stone Soup version 0.27-a0-67-g4bfc8a49e1 (webtiles) character file.

Game seed: 15737410989933728850

622 tatocazan the Covert (level 7, -5/46 HPs)
             Began as an Octopode Brigand on Jan 9, 2021.
             Slain by a yak (8 damage)
             ... on level 6 of the Dungeon.
             The game lasted 00:06:28 (5995 turns).

tatocazan the Covert (Octopode Brigand)             Turns: 5995, Time: 00:06:29

Health: -5/46      AC:  1    Str: 10    XL:     7   Next: 46%
Magic:  7/7        EV: 14    Int: 14    God:
Gold:   250        SH:  0    Dex: 15    Spells: 6/6 levels left

rFire    . . .     SeeInvis +   l - +1 dagger (protect)
rCold    . . .     Faith    .   (no shield)
rNeg     . . .     Spirit   .   (helmet restricted)
rPois    .         Reflect  .   (no amulet)
rElec    .         Harm     .   d - ring of see invisible
rCorr    .         Rampage  .   (no ring)
Will     .....                  (no ring)
Stlth    +++++.....             (no ring)
HPRegen  0.15/turn              (no ring)
MPRegen  0.10/turn              (no ring)
                                (no ring)
                                (no ring)

@: no status effects
A: almost no armour, stealthy swim, amphibious, 8 rings, constrict 8, camouflage
1, gelatinous body 1
a: no special abilities


You were on level 6 of the Dungeon.
You visited 1 branch of the dungeon, and saw 6 of its levels.

You collected 250 gold pieces.

Inventory:

Hand Weapons
 a - a +2 dagger
 l - a +1 dagger of protection (weapon)
Missiles
 b - 5 poisoned darts (quivered)
 c - 5 curare-tipped darts
Jewellery
 d - a ring of see invisible (left tentacle)
Scrolls
 e - 5 scrolls of identify
 f - a scroll of remove curse {unknown}
 g - a scroll of enchant armour {unknown}
 h - 3 scrolls of teleportation
 i - a scroll of blinking {unknown}
 j - a scroll of amnesia {unknown}
 n - 2 scrolls of magic mapping {unknown}
 p - a scroll of immolation {unknown}
Potions
 k - a potion of lignification
 m - a potion of curing
 o - a potion of heal wounds
 q - a potion of invisibility
 r - a potion of flight {unknown}


   Skills:
 + Level 3.6 Fighting
 * Level 4.8 Short Blades
 - Level 2.0 Throwing
 + Level 3.2 Dodging
 * Level 8.4 Stealth


You had 6 spell levels left.
You didn't know any spells.
Your spell library was empty.

Dungeon Overview and Level Annotations

Branches:
Dungeon (6/15)
 Temple: D:4-7

Altars:
Fedhas
Hepliaklqana
Makhleb
Nemelex Xobeh
Okawaru
Xom

Shops:
D:4 (

Annotations:
D:4 Duvessa
D:5 2 transporters, robertstho's ghost, novice DDFi


Innate Abilities, Weirdness & Mutations

You cannot wear most types of armour.
You are very stealthy in the water. (Stealth+)
You are amphibious.
You can wear up to eight rings at the same time.
You can use your tentacles to constrict eight enemies at once.
Your skin changes colour to match your surroundings (Stealth+).
Your rubbery body absorbs attacks. (AC +1, EV +1)


Message History

You take 5 damage, and have 26/46 hp.
You are too injured to fight recklessly!
Throw: 6 darts (poison)
Press: ? - help, Q - select action, (/) - cycle Shift-Dir - straight line, f - yak
Aim: a yak (lightly wounded)
You throw a poisoned dart.
The poisoned dart closely misses the yak.
The poisoned dart hits the yak.
The yak is poisoned.
The yak gores you!
* * * LOW HITPOINT WARNING * * *
You take 15 damage, and have 11/46 hp.
MASSIVE DAMAGE!!
There is a stone staircase leading down here.
The yak gores you!
* * * LOW HITPOINT WARNING * * *
You climb downwards.
Found 15 gold pieces.
Found a stone staircase leading up.
There is a stone staircase leading up here.
You take 9 damage, and have 3/46 hp.
The yak gores you!
You die...

#. ... #.. . #.#
.. #.##### ...
####....$###....
.....<.......#
.......@...##
.......Y....#
#......<....#
#...........#
#...........#
##...........#
#...........#
#...........#
##..........#


You could see a yak.

Vanquished Creatures
  An ice beast (D:4)
  An ogre (D:5)
  Dowan (D:4)
  A hound (D:2)
  An orc priest (D:3)
  4 worker ants
  Robin (D:1)
  7 gnolls
  A howler monkey skeleton (D:3)
  5 adders
  An ooze (D:3)
  An adder zombie (D:5)
  3 worms (D:2)
  A dart slug (D:2)
  3 leopard geckos
  8 orcs
  5 giant cockroaches
  8 hobgoblins
  6 jackals
  4 quokkas
  A ball python (D:2)
  10 bats
  6 frilled lizards
  14 goblins
  6 kobolds
  6 rats
106 creatures vanquished.

Notes
Turn   | Place    | Note
-------+----------+-------------------------------------------
     0 | D:1      | tatocazan the Octopode Brigand began the quest for the Orb.
     0 | D:1      | Reached XP level 1. HP: 14/14 MP: 1/1
   173 | D:1      | Reached XP level 2. HP: 17/19 MP: 2/2
   981 | D:2      | Noticed Robin
   992 | D:1      | Reached XP level 3. HP: 8/24 MP: 3/3
  1006 | D:1      | Killed Robin
  1007 | D:1      | Reached skill level 6 in Stealth
  2098 | D:2      | Reached XP level 4. HP: 30/30 MP: 4/4
  2351 | D:2      | Found an iron altar of Okawaru.
  2579 | D:2      | Found a burning altar of Makhleb.
  2583 | D:2      | Reached XP level 5. HP: 35/35 MP: 5/5
  2769 | D:3      | Reached skill level 7 in Stealth
  3327 | D:3      | Found a burning altar of Makhleb.
  3333 | D:3      | Found a shimmering altar of Xom.
  3335 | D:3      | Found a hazy altar of Hepliaklqana.
  3358 | D:3      | Found a blossoming altar of Fedhas.
  3359 | D:3      | Found a sparkling altar of Nemelex Xobeh.
  3396 | D:3      | Reached XP level 6. HP: 26/42 MP: 6/6
  4813 | D:4      | Found Syet Iga's Weapon Shoppe.
  4814 | D:4      | Noticed an ice beast
  4832 | D:4      | Killed an ice beast
  4833 | D:4      | Reached skill level 8 in Stealth
  4833 | D:4      | Reached XP level 7. HP: 34/46 MP: 7/7
  5062 | D:4      | Noticed Duvessa
  5062 | D:4      | Noticed Dowan
  5083 | D:4      | Killed Dowan
  5723 | D:5      | Entered Level 5 of the Dungeon
  5878 | D:5      | Found a transporter.
  5878 | D:5      | Noticed robertstho's ghost (novice DDFi)
  5892 | D:5      | Found a transporter.
  5974 | D:5      | Noticed a yak
  5975 | D:5      | Noticed a yak
  5976 | D:5      | Noticed a yak
  5978 | D:5      | Noticed a yak
  5982 | D:5      | Noticed a yak
  5995 | D:6      | Slain by a yak

Illustrated notes

Levels and vault maps discovered:
D:1:      wheals_arrival_shading, layout_loops_ring,
          chequers_serial_rivers_small_3, minmay_liquid_box
D:2:      layout_rooms, overflow_temple_1_default, makhleb_blood_cavern_becter,
          uniq_robin
D:3:      layout_basic, minitemple
D:4:      layout_cave_pools, serial_shops, shop, minmay_misc_feat_tiny,
          uniq_duvessa
D:5:      layout_basic, gammafunk_ghost_arena, st_stairs_11,
          kennysheep_nondescript
D:6:      layout_cave_pods, minmay_temple_entry_ruins,
          kennysheep_generic_room_14

Skill      XL: |  1  2  3  4  5  6 |
---------------+-------------------+-----
Stealth        | 6 7 8 |  8.4
Short Blades   | 3 4 |  4.8
Dodging        | 2 3 |  3.2
Fighting       | 3 |  3.6
Throwing       | |  2.0

Action                   |  1- 3 |  4- 6 |  7- 9 || total
-------------------------+-------+-------+-------++-------
Melee: Dagger            |    70 |   163 |    26 ||   259
       Constrict         |    13 |    32 |     4 ||    49
       Tentacles         |    11 |    31 |     4 ||    46
Throw: Dart              |       |     1 |    10 ||    11
  Use: Potion            |     1 |     3 |       ||     4
       Scroll            |     1 |     1 |     2 ||     4
 Stab: Sleeping          |     8 |    20 |     2 ||    30
       Invisible         |       |     1 |       ||     1
Armor: Skin              |     8 |    41 |     4 ||    53
Dodge: Dodged            |    51 |   147 |     7 ||   205

Table legend: (Time is in decaauts)
 A = Elapsed time spent in this place.
 B = Non-inter-level travel time spent in this place.
 C = Inter-level travel time spent in this place.
 D = Time resting spent in this place.
 E = Time spent auto-exploring this place.
 F = Levels seen in this place.
 G = Mean time per level.
                   A        B        C        D        E       F      G
               +--------+--------+--------+--------+--------+-----+--------+
         Total |   5951 |   5819 |    132 |   3237 |   1899 |   6 |  991.8 |
       Dungeon |   5951 |   5819 |    132 |   3237 |   1899 |   6 |  991.8 |
               +--------+--------+--------+--------+--------+-----+--------+

Top non-repeatable levels by time:
     D:1: 1854 daAuts
     D:4: 1585 daAuts
     D:3: 1505 daAuts
     D:2: 854 daAuts
     D:5: 150 daAuts
     D:6: 1 daAuts
